 Dungeon Crawl Stone Soup version 0.30-a0-578-gdee14c521f (webtiles) character file.

Game seed: 12844837760459657510

58 Shayle the Chiller (level 3, -3/26 HPs)
             Began as a Demonspawn Ice Elementalist on Dec 31, 2022.
             Slain by Terence
             ... wielding a +0 hand axe
              (9 damage)
             ... on level 2 of the Dungeon.
             The game lasted 00:02:23 (1193 turns).

Shayle the Chiller (Demonspawn Ice Elementalist)    Turns: 1193, Time: 00:02:23

Health: -3/26      AC:  2    Str:  8    XL:     3   Next: 76%
Magic:  4/6        EV: 12    Int: 18    God:
Gold:   101        SH:  0    Dex: 13    Spells: 5/6 levels left

rFire   . . .      SeeInvis .    h - +0 short sword
rCold   . . .      Faith    .    (no shield)
rNeg    . . .      Spirit   .    a - +0 robe
rPois   .          Reflect  .    (no helmet)
rElec   .          Harm     .    (no cloak)
rCorr   .          Rampage  .    (no gloves)
Will    +....                    (no boots)
Stlth   ++                       (no amulet)
HPRegen 0.24/turn                e - ring of wizardry
MPRegen 0.10/turn                k - ring of willpower

@: no status effects
A: weakness stinger 1, demonic touch 1
a: no special abilities


You were on level 2 of the Dungeon.
You visited 1 branch of the dungeon, and saw 2 of its levels.

You collected 101 gold pieces.

Inventory:

Hand Weapons
 h - a +0 short sword (weapon)
Armour
 a - a +0 robe (worn)
Jewellery
 e - a ring of wizardry (left hand)
 k - a ring of willpower (right hand)
Scrolls
 c - 2 scrolls of teleportation {unknown}
 d - 5 scrolls of identify {unknown}
 f - a scroll of immolation {unknown}
 g - a scroll of fear {unknown}
 p - a scroll of noise {unknown}
Potions
 b - a potion of magic
 i - a potion of resistance {unknown}
 j - a potion of degeneration {unknown}
 l - a potion of haste {unknown}
 m - a potion of attraction {unknown}
 n - 3 potions of heal wounds {unknown}
 o - a potion of curing {unknown}


   Skills:
 + Level 1.2 Fighting
 + Level 2.2 Dodging
 + Level 2.4 Stealth
 + Level 2.4 Spellcasting
 + Level 3.9 Ice Magic


You had 5 spell levels left.
You knew the following spells:

 Your Spells              Type           Power      Damage    Failure   Level
a - Freeze                Ice            64%        1d7       1%          1

Your spell library contained the following spells:

 Spells                   Type           Power      Damage    Failure   Level
 Frozen Ramparts          Ice            32%        1d5       4%          3
 Ozocubu's Armour         Ice            16%        N/A       4%          3
 Cigotuvi's Dreadful Rot  Necr/Pois/Air  4%         N/A       11%         2
 Poisonous Vapours        Pois/Air       4%         N/A       11%         2
 Mephitic Cloud           Conj/Pois/Air  2%         N/A       21%         3
 Summon Ice Beast         Ice/Summ       9%         N/A       28%         4
 Iskenderun's Battlesphe  Conj           2%         2d6       86%         5
 Iron Shot                Conj/Erth      1%         9d1       100%        6
 Spellforged Servitor     Conj/Summ      1%         N/A       100%        7


Dungeon Overview and Level Annotations

Branches:
Dungeon (2/15)

Altars:
Xom

Annotations:
D:2 Terence


Innate Abilities, Weirdness & Mutations

You have a small tail.
Your touch may inflict minor irresistible damage on your foes.


Message History

Terence the Incautious comes into view.
He is wielding a +0 hand axe.
Found a scale mail.
Casting: Freeze (safe; 1% risk of failure)
Confirm with . or Enter, or press ? or * to list all spells.
Aiming: Freeze (safe; 1% risk of failure)
Press: ? - help, Shift-Dir - straight line, f - Terence
Aim: Terence, wielding a +0 hand axe and wearing a +0 chain mail You freeze Terence.
Terence is lightly wounded.
Terence hits you with a +0 hand axe.
You hit Terence but do no damage.
Terence is lightly wounded.
Terence completely misses you.
You barely miss Terence. You tail-slap Terence.
You touch Terence!
Terence is heavily wounded.
Terence hits you with a +0 hand axe!
You hit Terence.
Terence is heavily wounded.
Terence hits you with a +0 hand axe.
You hit Terence but do no damage.
Terence is heavily wounded.
Terence hits you with a +0 hand axe.
You hit Terence but do no damage.
You tail-slap Terence, but do no damage.
Your touch misses Terence.
Terence is heavily wounded.
Terence misses you.
You hit Terence but do no damage.
Terence is heavily wounded.
Terence hits you with a +0 hand axe.
* * * LOW HITPOINT WARNING * * *
Casting: Freeze (safe; 1% risk of failure)
Confirm with . or Enter, or press ? or * to list all spells.
Aiming: Freeze (safe; 1% risk of failure)
Press: ? - help, Shift-Dir - straight line, f/p - Terence
Aim: Terence, wielding a +0 hand axe and wearing a +0 chain mail (heavily wounded)
You freeze Terence.
Terence is severely wounded.
Terence hits you with a +0 hand axe!
You die...

#....#.......#
#...##.##.##.#
#....#.#...#.#
...#....._...##
.......#...#..### ###
######.##.##..<.# ....
######..........# .....
........#.......###......
..(.....#.......@@.......
........>...............[
................###......
.........#......# ......
........#.......# .....
........#.......# #####
................#
.........####.##
.......^.####.#


You could see Terence.

Vanquished Creatures
  Jessica (D:2)
  An adder (D:2)
  3 ball pythons (D:2)
  4 endoplasms
  A giant cockroach (D:1)
  3 goblins
  A hobgoblin (D:2)
  2 jackals (D:2)
  3 frilled lizards (D:1)
  A kobold (D:2)
  4 rats
24 creatures vanquished.

Notes
Turn   | Place    | Note
-------+----------+-------------------------------------------
     0 | D:1      | Shayle the Demonspawn Ice Elementalist began the quest for
                  | the Orb.
     0 | D:1      | Reached XP level 1. HP: 13/13 MP: 3/3
   521 | D:1      | Discovered your monstrous ancestry.
   521 | D:1      | Gained mutation: You have a small tail. [demonic ancestry]
   521 | D:1      | Reached XP level 2. HP: 20/20 MP: 3/5
   806 | D:2      | Found a shimmering altar of Xom.
   821 | D:2      | Noticed Jessica
   827 | D:2      | Killed Jessica
   828 | D:2      | Reached skill level 1 in Fighting
   828 | D:2      | Gained mutation: Your touch may inflict minor irresistible
                  | damage on your foes. [demonic ancestry]
   828 | D:2      | Reached XP level 3. HP: 22/26 MP: 3/6
  1162 | D:2      | Found a faded altar of an unknown god.
  1179 | D:2      | Noticed Terence
  1193 | D:2      | Slain by Terence

Illustrated notes

Levels and vault maps discovered:
D:1:      lemuel_arrival_cross, layout_loops_cross
D:2:      layout_rooms, basic_altar, ebering_ecumenical_altar_box, uniq_jessica,
          uniq_terence

Skill      XL: |  1  2 |
---------------+-------+-----
Stealth        | 2 |  2.4
Dodging        | 2 |  2.2
Fighting       | 1 |  1.2
Spellcasting   | |  2.4
Ice Magic      | |  3.9

Action                   || total
-------------------------++-------
Melee: Unarmed           ||    11
       Short sword       ||    34
       Tailslap          ||     5
       Touch             ||     2
 Cast: Freeze            ||    23
 Stab: Sleeping          ||     2
Armor: Robe              ||     9
Dodge: Dodged            ||    29

Table legend: (Time is in decaauts)
 A = Elapsed time spent in this place.
 B = Non-inter-level travel time spent in this place.
 C = Inter-level travel time spent in this place.
 D = Time resting spent in this place.
 E = Time spent auto-exploring this place.
 F = Levels seen in this place.
 G = Mean time per level.
                   A        B        C        D        E       F      G
               +--------+--------+--------+--------+--------+-----+--------+
         Total |   1191 |   1179 |     12 |     81 |    800 |   2 |  595.5 |
       Dungeon |   1191 |   1179 |     12 |     81 |    800 |   2 |  595.5 |
               +--------+--------+--------+--------+--------+-----+--------+

Top non-repeatable levels by time:
     D:1: 740 daAuts
     D:2: 450 daAuts
